 Dungeon Crawl Stone Soup version 0.30.2 (webtiles) character file.

Game seed: 2344163619600867569

390 Ashen the Ogre Mage (level 6, -4/62 HPs)
             Began as an Ogre Warper on Jan 19, 2024.
             Slain by a gnoll
             ... wielding a +0 halberd
              (9 damage)
             ... on level 3 of the Dungeon.
             The game lasted 00:10:28 (5155 turns).

Ashen the Ogre Mage (Ogre Warper)                   Turns: 5155, Time: 00:10:28

Health: -4/62      AC:  4    Str: 16      XL:     6   Next: 80%
Magic:  12/12      EV:  9    Int: 16      God:
Gold:   151        SH:  0    Dex:  5 (8)  Spells: 1/13 levels left

rFire   . . .        i - +2 whip (venom)
rCold   . . .        (no shield)
rNeg    . . .        b - +0 robe
rPois   .            (helmet restricted)
rElec   .            k - +0 cloak
rCorr   .            (gloves unavailable)
SInv    .            (boots unavailable)
Will    .....        (no amulet)
Stlth   +            (no ring)
HPRegen 0.30/turn    (no ring)
MPRegen 0.13/turn

%: no passive effects
@: no status effects
A: large, unfitting armour, tough skin 1
a: no special abilities


You were on level 3 of the Dungeon.
You visited 1 branch of the dungeon, and saw 4 of its levels.

You collected 151 gold pieces.

Inventory:

Hand Weapons
 a - a +0 mace
 i - a +2 whip of venom (weapon)
Missiles
 d - 7 boomerangs of dispersal (quivered)
Armour
 b - a +0 robe (worn)
 k - a +0 cloak (worn)
Jewellery
 q - a +4 ring of protection
Scrolls
 e - a scroll of butterflies {unknown}
 f - 2 scrolls of identify {unknown}
 g - a scroll of enchant armour {unknown}
 m - 2 scrolls of teleportation {unknown}
 n - a scroll of vulnerability {unknown}
 o - a scroll of silence {unknown}
 p - a scroll of noise {unknown}
 r - a scroll of amnesia {unknown}
Potions
 h - a potion of heal wounds {unknown}
 j - a potion of haste {unknown}
 l - a potion of flight {unknown}


   Skills:
 + Level 3.8 Fighting
 + Level 2.5 Maces & Flails
 - Level 1.0 Throwing
 + Level 3.1 Dodging
 + Level 1.4 Stealth
 * Level 4.2 Spellcasting
 * Level 3.9 Translocations
 * Level 1.7 Air Magic


You had one spell level left.
You knew the following spells:

 Your Spells              Type           Power      Damage    Failure   Level
a - Blink                 Tloc           32%        N/A       4%          2
b - Teleport Other        Tloc           16%        N/A       10%         3
c - Vhi's Electric Charg  Tloc/Air       24%        N/A       16%         3
d - Manifold Assault      Tloc           16%        N/A       32%         4

Your spell library contained the following spells:

 Spells                   Type           Power      Damage    Failure   Level
 Lesser Beckoning         Tloc           32%        N/A       4%          2


Dungeon Overview and Level Annotations

Branches:
Dungeon (4/15)
 Temple: D:4-7

Altars:

Shops:
D:1 !   D:2 !(

Annotations:
D:4 Robin


Innate Abilities, Weirdness & Mutations

You are too large for most types of armour.
You have tough skin. (AC +1)


Message History

There is a stone staircase leading down here.
You start resting.
Magic restored.
You start resting.
HP restored.
You climb downwards.
There is a stone staircase leading up here.
The gnoll barely misses you.
The white imp hits you but does no damage.
You closely miss the white imp. The gnoll closely misses you.
The white imp barely misses you.
You barely miss the white imp. The gnoll hits you but does no damage.
The white imp gestures at you. The puff of frost hits you.
You closely miss the white imp.
The gnoll hits you from afar with a +0 halberd!
The white imp hits you. The white imp freezes you.
You closely miss the white imp. You hit the white imp.
The white imp is heavily wounded.
The gnoll hits you from afar with a +0 halberd!
The white imp hits you but does no damage.
You are too injured to fight recklessly!
You barely miss the white imp.
The white imp is heavily wounded.
The gnoll closely misses you. The white imp hits you.
The white imp freezes you.
You hit the white imp but do no damage.
The white imp is poisoned.
The white imp is heavily wounded.
The gnoll hits you from afar with a +0 halberd.
* * * LOW HITPOINT WARNING * * *
The white imp barely misses you.
You whack the white imp!
You kill the white imp!
The gnoll barely misses you. The gnoll barely misses you.
You barely miss the gnoll. The gnoll hits you with a +0 halberd!
* * * LOW HITPOINT WARNING * * *
You barely miss the gnoll. The gnoll hits you with a +0 halberd!
You die...

.#...####.........####...##.#####
.##.## ##.......## ##.........#
..### ##..(..## #.###.###.# #.#
##...## #.###.# #.# #.# ##'##
#.....# #.# #.# #.# #.##### #.#
#.# #.# #.# #.# #.#
##.#########.#######.# #.#
##...g@.<.............# #.#
#.....################# #.# #####
##...## #.###...####..##
..)[..#.......# #.###...#####.#
### ##### #5# #.# #.#


You could see a gnoll.

Vanquished Creatures
  3 lemures (D:3)
  A scorpion (D:3)
  A quasit (D:3)
  An orc priest (D:4)
  A gnoll bouda (D:3)
  An orc wizard (D:3)
  10 gnolls
  2 adders (D:3)
  A shadow imp (D:4)
  2 white imps (D:3)
  3 ufetubi (D:3)
  2 worms
  3 dart slugs
  3 orcs (D:3)
  A ball python (D:3)
  7 bats
  6 endoplasms
  A giant cockroach (D:2)
  4 goblins
  4 hobgoblins
  2 frilled lizards
  5 kobolds
  4 rats
68 creatures vanquished.

Notes
Turn   | Place    | Note
-------+----------+-------------------------------------------
     0 | D:1      | Ashen the Ogre Warper began the quest for the Orb.
     0 | D:1      | Reached XP level 1. HP: 22/22 MP: 3/3
   100 | D:1      | Reached XP level 2. HP: 29/29 MP: 3/5
   245 | D:1      | Found Kaucs's Distillery.
   591 | D:2      | Found Most's Antique Weapon Shop.
   846 | D:2      | Reached XP level 3. HP: 37/37 MP: 7/7
  1084 | D:2      | Found Ypsoxael's Distillery.
  1174 | D:3      | Noticed a scorpion
  1178 | D:3      | Killed a scorpion
  1179 | D:3      | Reached skill level 3 in Spellcasting
  1179 | D:3      | Reached XP level 4. HP: 39/45 MP: 8/8
  1182 | D:3      | Learned a level 2 spell: Blink
  1186 | D:3      | Learned a level 3 spell: Teleport Other
  1190 | D:3      | Learned a level 3 spell: Vhi's Electric Charge
  1370 | D:3      | Reached XP level 5. HP: 39/53 MP: 10/10
  1572 | D:3      | Reached skill level 1 in Stealth
  1779 | D:3      | Found a faded altar of an unknown god.
  2528 | D:4      | Reached skill level 1 in Air Magic
  2534 | D:4      | Noticed an ogre
  2536 | D:4      | Noticed Robin
  2597 | D:4      | Reached XP level 6. HP: 30/61 MP: 11/11
  2889 | D:4      | Reached skill level 4 in Spellcasting
  3172 | D:4      | HP: 3/62 [white imp/puff of frost (7)]
  3937 | D:3      | Learned a level 4 spell: Manifold Assault
  4042 | D:3      | Found a faded altar of an unknown god.
  4938 | D:4      | HP: 1/62 [white imp (4)]
  5155 | D:3      | Slain by a gnoll

Illustrated notes

Levels and vault maps discovered:
D:1:      minmay_arrival_hallway, layout_rooms, serial_shops, shop
D:2:      layout_loops_cross, serial_shops, nicolae_square_shop,
          nicolae_shop_pleasant_corner_grove, roderic_serpentine_path,
          minmay_pentomino_o2
D:3:      layout_loops_corners, chequers_ecumenical_altar_simple
D:4:      layout_rooms, serial_demonic, serial_demonic_e, serial_demonic_c,
          serial_demonic_b, serial_demonic_f, serial_demonic_c,
          serial_demonic_c, uniq_pikel, uniq_robin

Skill      XL: |  1  2  3  4  5  6 |
---------------+-------------------+-----
Translocations | 3 |  3.9
Fighting       | 3 |  3.8
Maces & Flails | 2 |  2.5
Spellcasting   | 3 4 |  4.2
Stealth        | 1 |  1.4
Air Magic      | 1 |  1.7
Dodging        | 3 |  3.1
Throwing       | |  1.0

Action                     |  1- 3 |  4- 6 || total
---------------------------+-------+-------++-------
  Melee: Mace              |    15 |       ||    15
         Whip              |    48 |   226 ||   274
         Punch             |       |     3 ||     3
   Cast: Teleport Other    |       |    11 ||    11
         Blink             |       |     2 ||     2
         Manifold Assault  |       |     3 ||     3
         Vhi's Electric Ch |       |     2 ||     2
    Use: Scroll            |       |     2 ||     2
   Stab: Sleeping          |     1 |       ||     1
 Armour: Robe              |    25 |    95 ||   120
  Dodge: Dodged            |    38 |   164 ||   202
